Arrhythmia, chaotic female vampiric Convict ----- +...| |...| -...| ----- ...| +...| -...| |...| |...| |..<| |...| #-...| |...| ###----- |...| # -----|...| ### |....|...| # |....|...| ### |... |...| ) | --------------- ------|----....## |.....G...@..........@@.........| --------------------------------- Arrhythmia the Jail-bird Experience level: 7 Strength: 12 Dexterity: 11 Constitution: 18 Intelligence: 13 Wisdom: 11 Charisma: 11 Health: 0(68) Energy: 42(42) AC: 0 Gold: 1224 Moves: 3489 Your Inventory: Coins $ - 1224 gold pieces Weapons v - 7 [blessed +1 thirsty] arrows Armor b - an uncursed +2 striped shirt (being worn) k - an [uncursed] +0 iron skull cap [of drain resistance (orcish helm)] (being worn) o - a [blessed] +3 hooded cloak [dwarvish] (being worn) p - an [uncursed] +1 pair of hard shoes [iron] (being worn) I - an [uncursed] +0 pair of old gloves [leather] (being worn) Potions d - a [blessed] clear potion [of holy water] H - a [blessed] emerald potion [of blindness] Rings z - a cursed -1 ring of gain dexterity (on right hand) A - a cursed +1 ring of gain strength (on left hand) Tools r - an [uncursed] leash t - an [uncursed +1] pick-axe (weapon in hand) D - a [cursed tallow] candle Gems q - an [uncursed] white gem [dilithium crystal] s - 2 [uncursed] black gems [worthless glass] E - a [cursed] blue gem [worthless glass] F - a [cursed] orange gem [worthless glass] G - 2 [cursed] yellowish brown gems [amber] Iron balls c - an [uncursed] heavy iron ball Spells known in the end: Name Level Category Fail Memory a - charm monster 3 enchantment 100% [||||||||] Your skills at the end: Fighting Skills Weapon Skills sling [Basic / Skilled] Spellcasting Skills Final Attributes: You were fervently aligned. Hunger level was 201. Your alignment was 11 / 27. Monster difficulty range was 1 - 6. Level difficulty was 6. You were immune to poison. You were immune to level-drain. You were immune to sickness. You saw invisible. You could fly. You could survive without air. You regenerated. Your luck was zero. You are dead. Vanquished creatures: a watchman a wolf a lizard a dog a dingo a fire ant 3 gnome lords a gray ooze 2 giant ants a little dog 2 dwarves a kobold shaman a giant bat a monkey 2 iguanas an acid blob a gas spore a hobbit 5 manes 2 large kobolds a green mold 12 gnomes 4 garter snakes a gnome zombie a gecko 3 jackals a fox 2 goblins 2 grid bugs 2 lichens 3 newts 62 creatures vanquished. Voluntary challenges: You went without food. You used a wielded weapon 25 times. You read items or engraved 17 times. You put on armor 11 times. You never genocided any monsters. You never polymorphed an object. You never changed form. You used no wishes. You wrote Elbereth's name 7 times. You encountered 1 bones level. You never used any Sokoban shortcuts. Dungeon overview: The Dungeons of Doom: levels 1 to 5 Level 1 a long staircase Level 2 a general store, a fountain Level 3 stairs to The Gnomish Mines The Gnomish Mines: levels 4 to 6 Level 4 stairs to The Dungeons of Doom Level 6 <- You were here History has recorded: On T:1 you entered the Dungeons of Doom to retrieve the Amulet of Yendor! On T:399 you reached level 2 of The Dungeons of Doom. On T:653 you advanced to experience level 2. On T:860 you reached level 3 of The Dungeons of Doom. On T:928 you advanced to experience level 3. On T:1253 you reached level 1 of The Gnomish Mines. On T:1273 you advanced to experience level 4. On T:1293 you advanced to experience level 5. On T:1360 you advanced to experience level 6. On T:2086 you reached level 4 of The Dungeons of Doom. On T:2439 you reached level 5 of The Dungeons of Doom. On T:2830 you reached level 2 of The Gnomish Mines. On T:3082 you advanced to experience level 7. On T:3441 you reached level 3 of The Gnomish Mines. Latest messages: [HP+1=51] The door opens. [HP+1=52] [HP+1=53] [HP+1=54] [HP+1=55] [HP+1=56] The watch captain wields a silver saber! [HP+1=57] The watch captain swings her silver saber. The silver sears your flesh! The watch captain hits! The watch captain swings her silver saber. The watch captain misses. [HP-18=39] You miss the watch captain. (2x) The watch captain swings her silver saber. The silver sears your flesh! The watch captain hits! The watch captain swings her silver saber. The silver sears your flesh! The watch captain hits! You die... Final status: Goodbye Arrhythmia the Convict... You died in The Gnomish Mines on dungeon level 6 with 4082 points, and 1224 pieces of gold, after 3489 moves. You were level 7 with a maximum of 68 hit points when you died.